Map: 海神信使 - 天梯版

Players

Nice - Winner!

  • Race: Protoss Protoss
  • Spawn Location: 11:00

Clem

  • Race: Terran Terran
  • Spawn Location: 5:00

Event: IEM Katowice 2020

VOD

Have the link to the VOD?

Description

Time

  • Played on: Feb. 25, 2020, 6:07 a.m.
  • Length: 9:04

All games in this series

Show
View Real Time Build Order
Export as new Build Order

Nice Protoss - Winner!

Build Orders: 1 Gate Expand, Phoenix Opening, Mass Phoenix, Colossus Rush 

Get SALT Encoding   

  12  0:00  Probe  
  13  0:13  Probe  
  14  0:22  Pylon  
  14  0:25  Probe  
  15  0:29  Assimilator  
  15  0:40  Probe (Chrono Boost)  
  15  0:42  Gateway  
  16  0:52  Probe (Chrono Boost)  
  16  0:56  Probe (Chrono Boost)  
  18  1:07  Probe  
  19  1:19  Probe  
  20  1:25  Nexus  
  20  1:32  Cybernetics Core  
  20  1:39  Assimilator  
  20  1:43  Pylon  
  20  1:47  Probe  
  21  1:59  Probe  
  22  2:06  Adept (Chrono Boost)  
  22  2:09  Warp Gate  
  22  2:11  Probe  
  25  2:23  Probe  
  25  2:29  Sentry (Chrono Boost)  
  28  2:35  Probe  
  29  2:37  Probe  
  30  2:44  Stargate  
  30  2:46  Stalker (Chrono Boost)  
  30  2:49  Probe (Chrono Boost)  
  34  2:51  Probe (Chrono Boost)  
  35  3:00  Probe (Chrono Boost)  
  35  3:03  Probe (Chrono Boost)  
  35  3:05  Probe (Chrono Boost)  
  36  3:11  Pylon  
  36  3:12  Probe  
  38  3:15  Probe  
  39  3:24  Probe  
  39  3:26  Phoenix (Chrono Boost)  
  40  3:28  Probe  
  40  3:30  Assimilator  
  40  3:32  Assimilator  
  43  3:36  Probe  
  43  3:40  Probe  
  45  3:42  Phoenix (Chrono Boost)  
  45  3:43  Robotics Facility  
  45  3:48  Probe  
  48  3:52  Probe  
  49  3:56  Pylon  
  49  4:00  Probe  
  50  4:03  Phoenix (Chrono Boost)  
  50  4:04  Probe  
  53  4:10  Pylon  
  53  4:12  Probe  
  53  4:16  Probe  
  55  4:19  Phoenix (Chrono Boost)  
  55  4:20  Gateway  
  55  4:22  Gateway  
  57  4:24  Probe  
  57  4:28  Probe  
  57  4:31  Observer  
  60  4:32  Stalker, Phoenix  
  62  4:39  Robotics Bay  
  62  4:40  Pylon  
  62  4:50  Pylon  
  62  4:55  Phoenix, Observer  
  65  5:03  Pylon  
  65  5:07  Probe x2  
  66  5:20  Phoenix  
  70  5:26  Colossus (Chrono Boost)  
  70  5:27  Extended Thermal Lance (Chrono Boost), Pylon  
  68  5:29  Gateway  
  68  5:31  Gateway  
  68  5:35  Gateway  
  74  5:37  Gateway  
  74  5:43  Gateway  
  74  5:46  Phoenix  
  76  6:09  Nexus  
  76  6:11  Phoenix  
  76  6:12  Zealot x2  
  76  6:13  Colossus (Chrono Boost)  
  88  6:35  Sentry x2  
  88  6:36  Zealot x5  
  96  6:57  Colossus (Chrono Boost)  
  96  7:00  Sentry, Zealot x4  
  100  7:03  Zealot  
  90  7:23  Zealot x6  
  90  7:27  Phoenix  
  94  7:41  Warp Prism (Chrono Boost)  
  96  7:44  Sentry x3  
  96  7:45  Zealot x2  
  96  7:48  Observer  
  96  7:50  Phoenix (Chrono Boost)  
  108  8:00  Stalker  
  108  8:01  Stalker  
  112  8:07  Stalker  
  112  8:12  Phoenix (Chrono Boost)  
  113  8:22  Pylon  
  113  8:23  Pylon  
  113  8:30  Phoenix  
  97  8:42  Stalker x4  
  97  8:43  Stalker  
  97  8:44  Stalker  
  109  8:56  Zealot  
Show
View Real Time Build Order
Export as new Build Order

Clem Terran 

Build Orders: Reaper Expand 

Get SALT Encoding   

  12  0:00  SCV  
  13  0:12  SCV  
  14  0:16  Supply Depot  
  14  0:24  SCV  
  15  0:38  SCV  
  15  0:40  Barracks  
  16  0:43  Refinery  
  16  0:50  SCV  
  17  1:02  SCV  
  18  1:14  SCV  
  19  1:26  Reaper  
  19  1:27  Orbital Command  
  20  1:40  Command Center  
  20  1:49  Supply Depot  
  20  1:52  SCV  
  21  1:58  Marine  
  22  2:05  SCV  
  23  2:09  Factory  
  23  2:16  Refinery  
  23  2:17  SCV  
  23  2:20  Barracks Reactor  
  24  2:29  SCV  
  25  2:41  SCV  
  26  2:52  Orbital Command  
  26  2:53  Starport  
  26  2:55  SCV, Hellion  
  26  2:57  Marine x2  
  31  3:07  SCV  
  32  3:15  Marine x2  
  32  3:17  Factory Tech Lab  
  32  3:19  SCV  
  35  3:20  SCV  
  35  3:25  Supply Depot  
  36  3:31  SCV, Viking  
  36  3:33  Marine x2  
  41  3:36  Cyclone  
  41  3:38  SCV  
  45  3:43  SCV  
  46  3:50  SCV  
  46  3:54  Marine x2  
  46  3:55  SCV  
  50  3:56  Supply Depot  
  50  4:00  Barracks  
  50  4:01  Barracks  
  50  4:04  Starport Tech Lab  
  50  4:06  SCV  
  50  4:08  SCV  
  52  4:12  Marine  
  53  4:18  Siege Tank  
  53  4:19  Engineering Bay  
  53  4:20  SCV x2  
  53  4:21  Marine  
  59  4:30  Refinery  
  59  4:31  Starport Reactor  
  59  4:32  SCV  
  59  4:33  SCV  
  61  4:39  Supply Depot  
  61  4:44  SCV  
  62  4:48  SCV, Terran Infantry Weapons Level 1  
  62  4:58  Factory Reactor  
  62  5:00  SCV, Stimpack, Marine x2  
  62  5:01  Marauder  
  62  5:02  Marauder  
  62  5:03  SCV, Supply Depot  
  70  5:12  Combat Shield  
  70  5:14  Refinery  
  70  5:22  Supply Depot  
  70  5:25  SCV x2, Marauder x2, Marine x2  
  78  5:35  Supply Depot  
  78  5:43  SCV x2, Medivac x2  
  78  5:44  Marine x2  
  78  5:47  Supply Depot  
  86  5:50  Marauder  
  86  5:55  SCV  
  86  6:03  Supply Depot  
  86  6:06  Marauder  
  86  6:07  Missile Turret  
  86  6:08  SCV, Missile Turret, Marine x2, Widow Mine x2  
  86  6:09  SCV  
  94  6:16  Marauder  
  96  6:18  Medivac  
  96  6:20  SCV  
  96  6:21  Medivac  
  96  6:24  SCV  
  100  6:25  Marine x2  
  100  6:30  Supply Depot  
  100  6:32  SCV  
  97  6:35  Widow Mine  
  97  6:38  Marauder  
  97  6:39  Widow Mine  
  101  6:42  Terran Infantry Armor Level 1  
  101  6:47  Marine x2  
  101  6:48  SCV  
  101  6:50  Marauder  
  106  7:00  SCV x2  
  103  7:03  Marauder  
  103  7:04  Liberator  
  103  7:06  Liberator  
  111  7:11  Supply Depot  
  111  7:12  SCV  
  112  7:21  Marine x2  
  112  7:22  Marauder  
  98  7:25  Marauder  
  98  7:26  Widow Mine  
  84  7:37  Command Center  
  84  7:41  Marine x2  
  84  7:43  Concussive Shells  
  86  7:45  SCV x2  
  88  7:52  Marauder x2  
  92  8:01  Marine  
  92  8:02  Barracks  
  92  8:03  Marine  
  92  8:04  Barracks  
  93  8:12  Viking  
  93  8:13  Viking, Marine x2  
  93  8:18  SCV x2  
  93  8:19  Supply Depot  
  99  8:20  Marine  
  99  8:28  Starport  
  99  8:29  Marine  
  99  8:32  Marauder  
  99  8:33  Marine  
  93  8:34  SCV x2  
  93  8:40  Marine  

Tags
 
Add a new tag
Caveats
  • Supply blocks, unpowered buildings, or Contaminate may cause inaccurate times.
  • Supply counts are checked every 10 seconds.